 Zot Defence DCSS version 0.15.2 (webtiles) character file.

3234 MrElk the Protected (level 9, -20/68 (81) HPs)
             Began as a Minotaur Fighter on Aug 13, 2018.
             Killed from afar by an orb of fire (54 damage)
             ... with a bolt of fire
             ... summoned by Iruitofam the boggart
             ... in the Realm of Zot (Scenario I: Hall of Zot).
             The game lasted 00:18:09 (1648 turns).

MrElk the Protected (Minotaur Fighter)              Turns: 1648, Time: 00:18:12

HP -20/68 (81)   AC  8     Str 24      XL: 9   Next: 66%
MP   4/4         EV  8     Int  5      God:
Gold 0           SH 11     Dex 10      Spells:  0 memorised,  8 levels left

rFire  . . .     SeeInvis .     l - +2 long sword (slice)
rCold  . . .     Clarity  .     b - +0 scale mail
rNeg   . . .     rCorr    .     c - +0 shield
rPois  .         rRot     .     (helmet restricted)
rElec  .         Spirit   .     (no cloak)
SustAb .         Warding  .     (no gloves)
rMut   .         Stasis   .     (no boots)
Gourm  .                        (no amulet)
MR     .....                    (no ring)
                                (no ring)

@: not resistant to hostile enchantments, extremely unstealthy
A: retaliatory headbutt, horns 2, screaming 1
a: Make oklob sapling, Make arrow trap, Make plant, Remove Curse, Make burning
bush, Make altar, Make grenades, Make oklob plant, Make net trap, Make ice
statue


You were in the Realm of Zot.
You were not hungry.

You visited 1 branch

Inventory:

Hand weapons
 a - a cursed +0 long sword
 l - a +2 long sword of slicing (weapon)
Armour
 b - a +0 scale mail (worn)
 c - a +0 shield (worn)
Comestibles
 f - a bread ration
Scrolls
 k - a scroll of blinking
Potions
 d - 3 potions of curing
 e - a potion of might
 g - a potion of heal wounds
 h - a potion of haste
 i - 2 potions of magic
 j - a potion of berserk rage


   Skills:
 + Level 8.0 Fighting
 + Level 8.1 Long Blades
 + Level 8.3 Armour
 + Level 6.3 Dodging
 + Level 8.0 Shields


You had 8 spell levels left.
You didn't know any spells.

Dungeon Overview and Level Annotations

Branches:
    Zot (1/1)

Altars:


Innate Abilities, Weirdness & Mutations

You reflexively headbutt those who attack you in melee.
You have a pair of horns on your head.
You occasionally shout uncontrollably at your foes.


Message History

The slime creature dies!
Your Fighting skill increases to level 8!
Your Long Blades skill increases to level 8!
Your Shields skill increases to level 8!
Your oklob plant spits acid at the slime creature.
The splash of acid hits the slime creature.
You block the slime creature's attack.
Your oklob sapling spits acid at Iruitofam.
The splash of acid hits Iruitofam.
Your oklob plant spits acid at the slime creature.
The splash of acid hits the slime creature.
Your oklob plant spits acid at the slime creature.
The splash of acid hits the slime creature.
You hit the slime creature. You headbutt the slime creature!
The slime creature is almost dead.
Iruitofam hits your oklob sapling but does no damage.
The orb of fire glows bright magenta.
The bolt of fire hits you!
Ouch! That really hurt!
You die...

######### ######### ....####
####.... .......### ###.......
.........## ##.........
..........# ▓▓▓▓▓▓▓▓▓ #..........
..........▓▓▓P.*Pg.P▓▓▓..........
..........▓▓..).P)...▓▓..........
.........)▓^...)).)..^▓).........
..........^)()))@J))[))..........
..........▓^.%%)))...(▓..........
..........▓▓.....)..%▓▓..........
..........▓▓▓P..P..P▓▓▓..........
..........▓ ▓▓▓▓▓▓▓▓▓ ▓..........
.........▓▓ ▓▓.........
.......▓▓▓ ▓▓▓....... ....▓▓▓▓
▓▓▓▓.... ▓▓▓▓▓▓▓▓ ▓▓▓▓▓▓▓▓


You could see an orb of fire, a slime creature, Iruitofam the boggart, 6
friendly oklob plants and a friendly oklob sapling.

Vanquished Creatures
  A hippogriff (Zot)
  2 gnoll shamans (Zot)
  Ijyb (Zot)
  2 adders (Zot)
  8 gnolls (Zot)
  3 worms (Zot)
  3 oozes (Zot)
  An orc (Zot)
  3 bats (Zot)
  2 bat zombies (Zot)
  2 goblins (Zot)
  A quokka (Zot)
  2 kobolds (Zot)
  3 rats (Zot)
  2 rat zombies (Zot)
36 creatures vanquished.

Vanquished Creatures (collateral kills)
  5 slime creatures (Zot)
  A naga (Zot)
  A griffon skeleton (Zot)
  A hill giant zombie (Zot)
  A hippogriff (Zot)
  Grum (Zot)
  Menkaure (Zot)
  A boggart (Zot)
  2 ogres (Zot)
  A gnoll sergeant (Zot)
  Blork the orc (Zot)
  A giant frog skeleton (Zot)
  A black bear zombie (Zot)
  2 hounds (Zot)
  An orc wizard (Zot)
  2 gnoll shamans (Zot)
  5 adders (Zot)
  7 gnolls (Zot)
  A shadow imp (Zot)
  2 giant mites (Zot)
  2 worms (Zot)
  5 orcs (Zot)
  A ball python (Zot)
  9 bats (Zot)
  2 giant cockroaches (Zot)
  3 hobgoblins (Zot)
  A jackal (Zot)
  11 kobolds (Zot)
  A quokka (Zot)
  A giant gecko (Zot)
  A giant newt (Zot)
  8 goblins (Zot)
  A goblin zombie (Zot)
  9 rats (Zot)
  A rat zombie (Zot)
  7 butterflies (Zot)
101 creatures vanquished.

Vanquished Creatures (others)
  An oklob sapling (Zot)
  2 orcs (Zot)
  3 hobgoblins (Zot)
  2 kobolds (Zot)
  2 ball pythons (Zot)
  3 goblins (Zot)
  4 rats (Zot)
  2 butterflies (Zot)
19 creatures vanquished.

Grand Total: 156 creatures vanquished

Notes
Turn   | Place    | Note
--------------------------------------------------------------
     0 | Zot      | MrElk, the Minotaur Fighter, began the quest for the Orb.
     0 | Zot      | Reached XP level 1. HP: 19/19 MP: 1/1
   220 | Zot      | Reached XP level 2. HP: 27/27 MP: 1/1
   239 | Zot      | Reached skill level 4 in Armour
   247 | Zot      | Reached XP level 3. HP: 31/34 MP: 2/2
   343 | Zot      | Reached XP level 4. HP: 30/41 MP: 2/2
   355 | Zot      | Reached skill level 5 in Fighting
   365 | Zot      | Reached skill level 1 in Dodging
   371 | Zot      | Reached XP level 5. HP: 27/48 MP: 2/2
   743 | Zot      | Noticed Ijyb
   753 | Zot      | Killed Ijyb
   809 | Zot      | Reached skill level 5 in Shields
   818 | Zot      | Reached XP level 6. HP: 46/56 MP: 3/3
   820 | Zot      | Reached skill level 5 in Armour
   837 | Zot      | Noticed Grum
   844 | Zot      | Killed Grum
   844 | Zot      | Reached XP level 7. HP: 51/62 MP: 3/3
  1048 | Zot      | Reached skill level 6 in Fighting
  1119 | Zot      | Reached skill level 5 in Long Blades
  1131 | Zot      | Reached XP level 8. HP: 68/68 MP: 3/3
  1139 | Zot      | Noticed Blork the orc
  1145 | Zot      | Killed Blork the orc
  1341 | Zot      | Reached skill level 7 in Fighting
  1468 | Zot      | Reached skill level 5 in Dodging
  1549 | Zot      | Noticed Menkaure
  1551 | Zot      | Reached XP level 9. HP: 71/76 MP: 4/4
  1553 | Zot      | Killed Menkaure
  1623 | Zot      | Noticed an ice dragon
  1623 | Zot      | Noticed a purple draconian
  1626 | Zot      | Reached skill level 8 in Armour
  1646 | Zot      | Noticed an orb of fire
  1647 | Zot      | Gained mutation: You occasionally shout uncontrollably at your foes. [an orb of fire]
  1648 | Zot      | Killed from afar by an orb of fire

Action                   |  1- 3 |  4- 6 |  7- 9 || total
-------------------------+-------+-------+-------++-------
Melee: Long sword        |    25 |    49 |    20 ||    94
 Abil: Make oklob saplin |     1 |     1 |       ||     2
       Make arrow trap   |       |     2 |       ||     2
       Make oklob plant  |       |       |     6 ||     6
       Make net trap     |       |       |     8 ||     8
 Stab: Distracted        |       |     2 |     3 ||     5
